 Dungeon Crawl Stone Soup version 0.24-a0-487-g57318f2ed0 (webtiles) character file.

Game seed: 14258636145001202709

13950 Murumi the Blocker (level 12, -1/97 HPs)
             Began as a Formicid Fighter on July 10, 2019.
             Was a High Priest of Okawaru.
             Slain by a slime creature (17 damage)
             ... on level 12 of the Dungeon.
             The game lasted 00:50:00 (12387 turns).

Murumi the Blocker (Formicid Fighter)              Turns: 12387, Time: 00:50:01

Health: -1/97      AC: 10    Str: 22    XL:     12   Next: 39%
Magic:  11/16      EV: 11    Int: 18    God:    Okawaru [*****.]
Gold:   698        SH: 16    Dex: 12    Spells: 11/11 levels left

rFire    + + .     SeeInvis +   a - +1 long sword (freeze)
rCold    + . .     Gourm    .   c - +1 shield
rNeg     . . .     Faith    .   E - +1 plate armour {rF+}
rPois    .         Spirit   .   (helmet unavailable)
rElec    .         Reflect  .   B - scarf {rC+ rF+}
rCorr    .         Harm     .   w - +2 pair of gloves
MR       +....                  j - +0 pair of boots
Stlth    ..........             y - amulet of Senis {+Rage Int+6 Dex+2 Slay+3}
HPRegen  0.26/turn              u - ring of stealth
MPRegen  0.15/turn              z - ring of wizardry

@: heroism, finesse, corroded
A: permanent stasis, dig shafts and tunnels, four strong arms, antennae 3
a: Dig, Shaft Self, Heroism, Finesse, Renounce Religion


You were on level 12 of the Dungeon.
You worshipped Okawaru.
Okawaru was extremely pleased with you.
You were not hungry.

You visited 1 branch of the dungeon, and saw 12 of its levels.
You also visited: Sewer.

You collected 698 gold pieces.

Inventory:

Hand Weapons
 a - a +1 long sword of freezing (weapon)
Missiles
 i - 129 bolts
 l - 236 stones (quivered)
 m - 43 poisoned darts
 v - 3 throwing nets
Armour
 c - a +1 shield (worn)
 j - a +0 pair of boots (worn)
 w - a +2 pair of gloves (worn)
 A - a +0 large shield
 B - a scarf of resistance (worn)
 E - a +1 plate armour of fire resistance (worn)
Jewellery
 u - a ring of stealth (left hand)
 y - the amulet of Senis (around neck) {+Rage Int+6 Dex+2 Slay+3}
   (You found it on level 6 of the Dungeon)

   [amulet of rage]

   It affects your intelligence (+6).
   It affects your dexterity (+2).
   It affects your accuracy and damage with ranged weapons and melee attacks
   (+3).
   It lets you go berserk.
 z - a ring of wizardry (right hand)
Wands
 g - a wand of clouds (8)
 q - a wand of enslavement (7)
 t - a wand of polymorph (9)
 C - a wand of flame (12)
Scrolls
 d - 2 scrolls of amnesia
 k - a scroll of fog
 n - a scroll of magic mapping
 o - 2 scrolls of fear
Potions
 b - 4 potions of agility
 e - 3 potions of brilliance {unknown}
 h - 5 potions of curing
 p - a potion of might
 r - 5 potions of lignification {unknown}
 s - 2 potions of flight {unknown}
 x - a potion of ambrosia {unknown}
 F - 2 potions of haste {unknown}
Comestibles
 f - 23 rations


   Skills:
 - Level 10.1(15.1) Fighting
 - Level 9.0(14.0) Long Blades
 + Level 9.3(14.3) Armour
 - Level 3.2(8.2) Dodging
 - Level 12.0(17.0) Shields
 - Level 6.0 Invocations
 - Level 5.0 Evocations


You had 11 spell levels left.
You didn't know any spells.
Your spell library contained the following spells:

 Spells                   Type           Power        Failure   Level  Hunger
 Beastly Appendage        Tmut           #.....       61%         1    ##.....
 Ignite Poison            Fire/Tmut/Pois #.......     92%         3    ####...
 Spider Form              Tmut/Pois      #.........   92%         3    ####...
 Irradiate                Conj/Tmut      #.........   100%        5    ######.
 Dragon Form              Tmut           #.........   100%        7    #######


Dungeon Overview and Level Annotations

Branches:
Dungeon (12/15)            Temple (0/1) D:7            Lair (0/6) D:8
    Orc: D:9-12

Altars:
Ashenzari
Cheibriados
Elyvilon
Fedhas
Gozag
Hepliaklqana
Kikubaaqudgha
Nemelex Xobeh
Okawaru
Qazlal
Uskayaw
Vehumet
Zin


Innate Abilities, Weirdness & Mutations

You cannot be hasted, slowed, berserked, paralysed or teleported.
You can dig through walls and to a lower floor.
Your four strong arms can wield two-handed weapons with a shield.
You have a pair of large antennae on your head. (SInv)


Message History

The slime creature is moderately wounded.
You slash the large slime creature! You freeze the large slime creature.
The large slime creature is moderately wounded.
You block the slime creature's attack.
You barely miss the large slime creature.
The large slime creature is moderately wounded.
You hit the large slime creature. You freeze the large slime creature.
The large slime creature is moderately wounded.
You block the slime creature's attack.
A large slime creature splits.
You block the slime creature's attack.
You hit the slime creature. You freeze the slime creature.
The slime creature is moderately wounded.
The slime creature hits you.
* * * LOW HITPOINT WARNING * * *
You hit the slime creature. You freeze the slime creature.
The slime creature is heavily wounded.
You hit the slime creature. You freeze the slime creature.
The slime creature is heavily wounded.
You block the slime creature's attack. x2; The slime creature hits you!
You die...

#.....# ..
...(.# ...
#....# ....
#..(.##..(.
#....#...
#..(...
#.[.## #.JJJ#
#.J@.# #.J..#
#....# ##...#
##...##
##....(###
##........#
##.........#
##.........##


You could see 5 slime creatures.

Vanquished Creatures
  A fire dragon (D:11)
  2 two-headed ogres
  2 cyclopes
  A manticore (D:11)
  Maurice (D:10)
  A gargoyle (D:8)
  A kobold demonologist (D:9)
  2 trolls
  Grinder (D:4)
  A hippogriff (D:10)
  A slime creature (D:12)
  10 yaks
  A wyvern (D:9)
  A wraith (D:11)
  A hungry ghost (D:9)
  Menkaure (D:4)
  2 acid dragons
  A water moccasin (D:10)
  2 orc warriors
  2 necrophages
  5 ice beasts
  3 phantoms
  A black bear (D:7)
  2 sky beasts
  5 centaurs
  6 ogres
  6 big kobolds (D:9)
  A gnoll sergeant (D:7)
  5 bullfrogs
  A wyvern skeleton (D:12)
  2 scorpions
  5 killer bees (D:11)
  8 wights
  2 howler monkeys (D:9)
  2 centaur zombies
  4 crimson imps
  2 bullfrog zombies
  5 jellies
  2 quasits
  5 hounds
  9 orc priests
  16 orc wizards
  4 iguanas
  3 bullfrog skeletons
  2 centaur skeletons (D:6)
  13 worker ants
  A hound skeleton (D:9)
  A worker ant zombie (D:6)
  21 adders
  12 gnolls
  3 shadow imps
  13 oozes
  An adder zombie (D:9)
  4 adder skeletons
  5 worms
  15 leopard geckos
  40 orcs
  8 ball pythons
  6 bats
  16 giant cockroaches
  5 goblins
  8 hobgoblins
  5 jackals
  16 kobolds
  9 quokkas
  17 frilled lizards
  A jackal skeleton (D:7)
  A jackal zombie (D:3)
  A leopard gecko skeleton (D:4)
  10 rats
  A withered plant (D:8)
374 creatures vanquished.

Notes
Turn   | Place    | Note
-------+----------+-------------------------------------------
     0 | D:1      | Murumi the Formicid Fighter began the quest for the Orb.
     0 | D:1      | Reached XP level 1. HP: 18/18 MP: 1/1
   146 | D:1      | Reached skill level 4 in Shields
   214 | D:1      | Reached XP level 2. HP: 20/24 MP: 2/2
   412 | D:1      | Reached skill level 1 in Dodging
   593 | D:1      | Reached XP level 3. HP: 29/29 MP: 3/3
  1070 | D:2      | You fall into a shaft and drop 1 floor!
  1189 | D:2      | Found a white marble altar of Elyvilon.
  1192 | D:2      | Reached XP level 4. HP: 37/37 MP: 4/4
  2256 | D:3      | Reached XP level 5. HP: 42/42 MP: 5/5
  2362 | D:3      | Found an opulent altar of Gozag.
  2366 | D:3      | Found a hide-covered altar of Uskayaw.
  2366 | D:3      | Found a snail-covered altar of Cheibriados.
  2366 | D:3      | Found a sparkling altar of Nemelex Xobeh.
  2367 | D:3      | Found a blossoming altar of Fedhas.
  2371 | D:3      | Found a hazy altar of Hepliaklqana.
  2695 | D:3      | Reached skill level 5 in Shields
  2837 | D:3      | Found a glowing silver altar of Zin.
  3154 | D:4      | Noticed Grinder
  3166 | D:4      | Killed Grinder
  3166 | D:4      | Reached skill level 5 in Long Blades
  3166 | D:4      | Reached XP level 6. HP: 16/48 MP: 6/6
  3393 | D:4      | Reached XP level 7. HP: 54/54 MP: 7/7
  3544 | D:4      | Reached skill level 5 in Fighting
  4062 | D:4      | Noticed Menkaure
  4068 | D:4      | Killed Menkaure
  4068 | D:4      | Reached skill level 5 in Armour
  4150 | D:4      | Reached XP level 8. HP: 62/62 MP: 8/8
  4410 | D:5      | Entered Level 5 of the Dungeon
  4548 | D:5      | Found a stormy altar of Qazlal.
  4618 | D:5      | Reached skill level 6 in Shields
  4677 | D:5      | Found a glowing drain.
  4686 | Sewer    | Entered a sewer
  4742 | Sewer    | Reached skill level 1 in Evocations
  5166 | D:5      | Reached skill level 7 in Shields
  5207 | D:5      | Found a radiant altar of Vehumet.
  5331 | D:5      | Reached XP level 9. HP: 68/68 MP: 9/11
  5938 | D:5      | Reached skill level 8 in Shields
  6266 | D:6      | Found a shattered altar of Ashenzari.
  6394 | D:6      | Got a transparent emerald amulet
  6760 | D:7      | Found a staircase to the Ecumenical Temple.
  6760 | D:7      | Found an iron altar of Okawaru.
  6808 | D:7      | Became a worshipper of Warmaster Okawaru
  6947 | D:7      | Reached skill level 1 in Invocations
  7214 | D:7      | Reached * piety under Okawaru
  7246 | D:7      | Identified the amulet of Senis {+Rage Int+6 Dex+2 Slay+3}
                  | (You found it on level 6 of the Dungeon)
  7619 | D:7      | Reached XP level 10. HP: 79/79 MP: 13/13
  8165 | D:8      | Noticed a gargoyle
  8175 | D:8      | Killed a gargoyle
  8175 | D:8      | Reached skill level 9 in Shields
  8307 | D:8      | Identified the Handbook of Transmigration
  8356 | D:8      | Noticed a cyclops
  8382 | D:8      | Killed a cyclops
  8382 | D:8      | Reached skill level 10 in Shields
  8691 | D:8      | Reached ** piety under Okawaru
  8719 | D:8      | Found an ancient bone altar of Kikubaaqudgha.
  8813 | D:8      | Found a staircase to the Lair.
  9005 | D:9      | Noticed a two-headed ogre
  9017 | D:9      | Killed a two-headed ogre
  9017 | D:9      | Reached skill level 11 in Shields
  9285 | D:9      | Reached skill level 12 in Shields
  9311 | D:9      | Reached *** piety under Okawaru
  9531 | D:9      | Noticed a kobold demonologist
  9534 | D:9      | Noticed an orange demon
  9547 | D:9      | Killed a kobold demonologist
  9547 | D:9      | Reached XP level 11. HP: 76/87 MP: 14/14
  9942 | D:10     | Entered Level 10 of the Dungeon
  9966 | D:9      | Reached **** piety under Okawaru
 10482 | D:10     | Reached skill level 5 in Invocations
 10895 | D:10     | Noticed a two-headed ogre
 10917 | D:10     | Killed a two-headed ogre
 10917 | D:10     | Reached ***** piety under Okawaru
 11083 | D:10     | Noticed Maurice
 11109 | D:10     | Killed Maurice
 11308 | D:11     | Noticed a five-headed hydra
 11310 | D:11     | Noticed a cyclops
 11317 | D:11     | Noticed a fire dragon
 11317 | D:11     | a five-headed hydra changed into a fire dragon
 11341 | D:11     | Killed a fire dragon
 11341 | D:11     | Reached XP level 12. HP: 68/95 MP: 8/15
 11665 | D:11     | Reached skill level 5 in Evocations
 11887 | D:11     | Reached ****** piety under Okawaru
 11905 | D:11     | Received a gift from Okawaru
 12281 | D:11     | Reached skill level 10 in Fighting
 12387 | D:12     | Slain by a slime creature

Levels and vault maps discovered:
D:1:      tarquinn_simple_flora_water_c, layout_loops_ring
D:2:      layout_basic, nicolae_overflow_hidden_temple
D:3:      minmay_inner_zag, layout_loops_ring, nicolae_overflow_crystal_walls,
          minitemple
D:4:      layout_basic, kennysheep_small_square, uniq_grinder, uniq_menkaure
D:5:      layout_loops_ring, lemuel_crystal_altar, overflow_temple_1_default,
          first_ration, portal_sewer_entry_d
D:6:      layout_cave_pools, kennysheep_mini_moat, serial_park_tiny_pond
D:7:      layout_basic, okawaru_ov_weapons_minmay,
          minmay_temple_entry_statues_pillars, wad_rectangle_vault
D:8:      layout_loops_ring, kiku_gazebo_garden_becter, dpeg_oklobed_lair
D:9:      layout_loops_ring, special_room [special_room_kobold]
D:10:     layout_basic, serial_undead, serial_undead_b, serial_undead_e,
          serial_undead_c, serial_undead_b, uniq_maurice
D:11:     layout_loops_ring
D:12:     layout_cave_pods, david_orc_3, grunt_ogre_cave

Skill      XL: |  1  2  3  4  5  6  7  8  9 10 11 12 |
---------------+-------------------------------------+-----
Shields        | 4 5 7 8 12 | 12.0
Dodging        | 1 2 3 |  3.2
Long Blades    | 3 5 6 9 |  9.0
Fighting       | 4 5 7 8 9 10 | 10.1
Armour         | 4 5 6 7 9 |  9.3
Evocations     | 2 3 4 5 |  5.0
Invocations    | 4 5 6 |  6.0

Action                   |  1- 3 |  4- 6 |  7- 9 | 10-12 || total
-------------------------+-------+-------+-------+-------++-------
Melee: Long sword        |    74 |   132 |   555 |   707 ||  1468
Throw: Stone             |     7 |       |       |   142 ||   149
       Boomerang         |     6 |    68 |    88 |    26 ||   188
       Javelin           |       |    18 |    89 |    41 ||   148
       Throwing net      |       |     2 |     6 |       ||     8
       Dart              |       |       |       |     2 ||     2
Invok: Heroism           |       |       |       |     8 ||     8
       Finesse           |       |       |       |     3 ||     3
 Abil: Dig               |       |       |     2 |     4 ||     6
Evoke: Wand              |       |       |       |     5 ||     5
  Use: Scroll            |     5 |     6 |     2 |     3 ||    16
       Potion            |       |     1 |       |       ||     1
 Stab: Held in net/web   |       |       |     2 |       ||     2
  Eat: Chunk             |     1 |     6 |    16 |    16 ||    39
       Ration            |       |       |       |     1 ||     1
Armor: Scale mail        |    20 |     9 |       |       ||    29
       Plate armour      |       |    47 |   309 |   216 ||   572
Dodge: Dodged            |    17 |    22 |   109 |   107 ||   255
Block: Shield            |    39 |    70 |   321 |   376 ||   806
       Rpst.: Long sword |     4 |     7 |    34 |    24 ||    69

Table legend:
 A = Non-vault XP
 B = Vault XP
 C = Vault XP percentage of total XP
 D = Non-vault monster count
 E = Vault monster count
 F = Vault count percentage of total count
                 A         B        C        D         E       F
            +---------+---------+-------+---------+---------+-------
      Total |   16837 |    3092 |  15.5 |     290 |      83 |  22.3
            +---------+---------+-------+---------+---------+-------
        D:1 |      32 |       0 |   0.0 |      19 |       0 |   0.0
        D:2 |      77 |       0 |   0.0 |      20 |       0 |   0.0
        D:3 |     105 |      16 |  13.2 |      24 |       6 |  20.0
        D:4 |     415 |     446 |  51.8 |      23 |       2 |   8.0
        D:5 |     917 |      13 |   1.4 |      22 |       1 |   4.3
        D:6 |     402 |       0 |   0.0 |      17 |       0 |   0.0
        D:7 |    1372 |      32 |   2.3 |      34 |       4 |  10.5
        D:8 |    1280 |       0 |   0.0 |      12 |       0 |   0.0
        D:9 |    3344 |     881 |  20.9 |      34 |      13 |  27.7
       D:10 |    3504 |    1350 |  27.8 |      35 |       8 |  18.6
       D:11 |    4836 |       0 |   0.0 |      45 |       0 |   0.0
       D:12 |     553 |       0 |   0.0 |       5 |       0 |   0.0
      Sewer |       0 |     354 | 100.0 |       0 |      49 | 100.0
            +---------+---------+-------+---------+---------+-------
